 Dungeon Crawl Stone Soup version 0.32-a0-898-g7811c86cf0 (webtiles) character file.

Game seed: 6077493693624655159

30899 Griffin23 the Fencer (level 13, 0/124 HPs)
             Began as a Minotaur Fighter on Apr 4, 2024.
             Was the Champion of Nemelex Xobeh.
             Killed from afar by a rime drake (7 damage)
             ... with an icy flash freeze
             ... while petrified by a catoblepas
             ... on level 5 of the Lair of Beasts.
             The game lasted 00:35:39 (15512 turns).

Griffin23 the Fencer (Minotaur Fighter)            Turns: 15512, Time: 00:35:40

Health: 0/124      AC: 19    Str: 24    XL:     13   Next: 23%
Magic:  17/17      EV:  2    Int:  5    God:    Nemelex Xobeh [******]
Gold:   888        SH:  0    Dex: 12    Spells: 12/12 levels left

rFire   + . .        m - +7 Throatcutter {drain, coup de grace}
rCold   + . .        Y - +0 kite shield
rNeg    + + +        y - +0 chain mail
rPois   ∞            O - +0 hat
rElec   .            R - scarf {rC+ rF+}
rCorr   .            q - +0 pair of gloves
SInv    .            F - +0 pair of boots
Will    .....        T - amulet of reflection Stlth
                     t - +4 ring of protection
HPRegen 0.40/turn    v - ring of poison resistance
MPRegen 0.15/turn

%: reflection
@: petrified
A: horns 2, retaliatory headbutt
a: Renounce Religion, Draw Escape, Draw Destruction, Draw Summoning, Triple
Draw, Deal Four, Stack Five


You were on level 5 of the Lair of Beasts.
You worshipped Nemelex Xobeh.
Nemelex Xobeh was exalted by your worship.
You visited 2 branches of the dungeon, and saw 15 of its levels.

You collected 1076 gold pieces.
You spent 188 gold pieces at shops.

Inventory:

Hand Weapons
 a - a +0 long sword
 j - a +2 great sword
 m - the +7 Throatcutter (weapon) {drain, coup de grace}
   (You found it on level 8 of the Dungeon)
Missiles
 c - 3 throwing nets
 e - 4 boomerangs (quivered)
Armour
 q - a +0 pair of gloves (worn)
 y - a +0 chain mail (worn)
 F - a +0 pair of boots (worn)
 O - a +0 hat (worn)
 P - a +1 cloak of preservation
 R - a scarf of resistance (worn)
 Y - a +0 kite shield (worn)
Jewellery
 t - a +4 ring of protection (left hand)
 v - a ring of poison resistance (right hand)
 H - a ring of resist corrosion
 T - an amulet of reflection (around neck)
 V - a ring of positive energy
 W - an amulet of guardian spirit
Wands
 b - a wand of digging (5)
 o - a wand of polymorph (6)
 E - a wand of charming (23)
 J - a wand of quicksilver (3)
 K - a wand of warping (12)
 M - a wand of flame (25)
Scrolls
 f - 3 scrolls of enchant weapon
 g - 5 scrolls of vulnerability
 l - 7 scrolls of teleportation
 s - 4 scrolls of noise
 u - 4 scrolls of immolation
 w - 4 scrolls of amnesia
 x - 2 scrolls of torment
 B - 2 scrolls of brand weapon
 C - 4 scrolls of enchant armour
 D - a scroll of revelation {unknown}
 L - a scroll of blinking {unknown}
 Q - a scroll of silence {unknown}
 U - a scroll of poison {unknown}
Potions
 d - 3 potions of might
 h - 2 potions of invisibility {unknown}
 i - 3 potions of ambrosia
 k - 2 potions of mutation {unknown}
 n - 6 potions of degeneration
 p - 2 potions of curing
 r - 3 potions of cancellation {unknown}
 z - 3 potions of haste
 A - 4 potions of lignification
 G - a potion of enlightenment {unknown}
 I - a potion of brilliance {unknown}
 N - 2 potions of resistance {unknown}
 S - 5 potions of attraction
 Z - a potion of berserk rage {unknown}


   Skills:
 * Level 14.0 Fighting
 * Level 15.7 Long Blades
 + Level 12.0 Armour
 - Level 8.3 Shields
 + Level 6.7 Invocations
 + Level 5.8 Evocations


You had 12 spell levels left.
You didn't know any spells.
Your spell library contained the following spells:

 Spells                   Type           Power      Damage    Failure   Level
 Foxfire                  Conj/Fire      0%         2x1d4     98%         1
 Magic Dart               Conj           0%         1d3       98%         1
 Blink                    Tloc           0%         N/A       99%         2
 Call Imp                 Summ           0%         N/A       99%         2
 Hailstorm                Conj/Ice       0%         3d5       100%        3
 Summon Ice Beast         Ice/Summ       0%         N/A       100%        3
 Tukima's Dance           Hex            0%         N/A       100%        3
 Passage of Golubria      Tloc           0%         N/A       100%        4
 Vhi's Electric Charge    Tloc/Air       0%         N/A       100%        4
 Arcjolt                  Conj/Air       0%         1d10      100%        5
 Yara's Violent Unravell  Hex/Alch       0%         3d3       100%        5
 Permafrost Eruption      Ice/Erth       0%         2x4d1     100%        6
 Plasma Beam              Fire/Air       0%         2x1d10    100%        6
 Sculpt Simulacrum        Ice/Alch       0%         N/A       100%        6
 Starburst                Conj/Fire      0%         6d3       100%        6


Dungeon Overview and Level Annotations

Branches:
Dungeon (10/15)            Temple (0/1) D:7            Lair (5/5) D:9
  Swamp (0/4) Lair:3        Snake (0/4) Lair:3        Slime (0/5) Lair:4
    Orc (0/2) D:10

Altars:
Gozag
Makhleb
Nemelex Xobeh
Okawaru
Ru
Sif Muna
Trog
Uskayaw
Vehumet
Yredelemnul
Zin

Shops:
D:3 =   D:5 ?   D:10 *


Innate Abilities, Weirdness & Mutations

You have a pair of horns on your head.
You reflexively headbutt those who attack you in melee.


Message History

The wyvern bites you but does no damage.
The rime drake barely misses you.
Your ice beast closely misses the komodo dragon.
The wyvern bites you. The komodo dragon bites you.
* * * LOW HITPOINT WARNING * * *
The ice encasing you melts away.
Your fire bat bites your rakshasa but does no damage.
The rime drake bites you but does no damage.
The wyvern bites you!
* * * LOW HITPOINT WARNING * * *
Your fire bat bites your basilisk.
Your basilisk is engulfed in flames!
Your ice beast hits the komodo dragon.
Your ice beast freezes the komodo dragon.
The komodo dragon bites you but does no damage.
The wyvern bites you.
* * * LOW HITPOINT WARNING * * *
The rime drake bites you but does no damage.
Your ice beast barely misses the komodo dragon.
Your fire bat bites you.
* * * LOW HITPOINT WARNING * * *
You are engulfed in flames.
You resist.
* * * LOW HITPOINT WARNING * * *
Your rakshasa hits the catoblepas with a +2 whip of electrocution!
The wyvern bites you but does no damage.
The komodo dragon bites you!
* * * LOW HITPOINT WARNING * * *
Your surroundings suddenly seem different.
A water moccasin comes into view.
Found an escape hatch in the ceiling.
Found a stone staircase leading up.
The water moccasin moves out of view.
Your ice beast hits the catoblepas but does no damage.
Your rakshasa hits the catoblepas with a +2 whip of electrocution!!
Lightning courses through the catoblepas!
The catoblepas breathes a plume of calcifying dust at you.
The blast of calcifying dust hits you but does no damage.
You are engulfed in calcifying dust.
The rime drake breathes ice at you. The icy flash freeze hits you!
You partially resist.
You die...
Your body disappears without a glow.

##...#.......
##.....#.....#
#...........#
#........P.# #........P#
##.#....PP###
≈~~~P♣♣#.#......§PP..##
~≈~~P~~.P......l@..P....
~≈~~~~♣.......k§.....<..
≈≈~~PP~.......§.P..S..<.
~~~~~~......l...........
.............k....#.#...
~~~~~~...Y........... ..
~~~~~~.b..Y........ #. .
~~~~♣~..l.R......... #.
♣†...†.R......


You could see 2 komodo dragons, a rime drake (catching breath), a water
moccasin, a wyvern, a friendly rakshasa (summoned) and a friendly ice beast
(summoned).

Vanquished Creatures
  Gastronok (Lair:3)
  Harold (Lair:2)
  Fannar (D:10)
  A boulder beetle (Lair:4)
  A hydra (Lair:4)
  A death yak (Lair:1)
  A two-headed ogre (D:10)
  Urug (D:10)
  A skyshark (Lair:5)
  A flayed ghost (D:10)
  The ghost of bjtr the Arsonist, a novice VSFE of Hepliaklqana (D:10)
  A lindwurm (Lair:2)
  A manticore (D:10)
  4 black mambas
  2 rime drakes
  A gargoyle (D:10)
  10 cane toads
  7 komodo dragons
  A kobold demonologist (D:10)
  3 polar bears
  3 red devils (D:8)
  A troll (D:10)
  Prince Ribbit (D:7)
  The ghost of Chish the Chopper, an amateur HuFi of Makhleb (D:4)
  9 blink frogs
  3 wyverns
  2 humans (D:8)
  A wraith (D:10)
  A basilisk (Lair:1)
  35 yaks
  4 vampire mosquitoes (Lair:3)
  2 nagas (Lair:3)
  Edmund (D:6)
  11 water moccasins
  An acid dragon (D:9)
  4 black bears
  An orc warrior (D:8)
  2 ice beasts
  A boggart (D:9)
  2 tengu
  2 ogres (D:5)
  5 wolves (Lair:1)
  A centaur (D:9)
  A phantom (D:6)
  A kobold brigand (D:6)
  2 gnoll sergeants
  7 bullfrogs
  2 scorpions
  9 wights
  4 howler monkeys
  2 electric eels (Lair:5)
  2 centaur zombies (D:4)
  5 hounds
  2 jellies
  A bombardier beetle (D:6)
  A gnoll bouda (D:6)
  An orc priest (D:6)
  An iron imp (D:9)
  A sleepcap (D:7)
  3 iguanas
  4 orc wizards
  12 hell rats
  A killer bee zombie (D:4)
  A howler monkey zombie (D:4)
  3 adders
  6 gnolls
  4 white imps
  3 dart slugs
  3 ribbon worms
  16 orcs
  7 ball pythons
  4 endoplasms
  3 giant cockroaches
  2 goblins
  2 hobgoblins (D:3)
  14 kobolds
  2 quokkas
  4 bats
  4 frilled lizards
  3 rats
278 creatures vanquished.

Vanquished Creatures (collateral kills)
  Pikel (D:6)
  2 lemures (D:6)
  A wight (D:8)
  A hell rat (Lair:5)
  A shadow imp (D:6)
6 creatures vanquished.

Vanquished Creatures (others)
  Maurice (D:8)
1 creature vanquished.

Grand Total: 285 creatures vanquished

Notes
Turn   | Place    | Note
-------+----------+-------------------------------------------
     0 | D:1      | Griffin23 the Minotaur Fighter began the quest for the Orb.
     0 | D:1      | Reached XP level 1. HP: 19/19 MP: 0/0
   286 | D:1      | Reached XP level 2. HP: 27/27 MP: 1/1
   754 | D:2      | Reached skill level 3 in Long Blades
   792 | D:2      | Reached XP level 3. HP: 32/33 MP: 2/2
  1593 | D:2      | Found a faded altar of an unknown god.
  1603 | D:2      | Prayed at the altar of an unknown god.
  1603 | D:2      | Became a worshipper of Nemelex Xobeh the Trickster
  1603 | D:2      | Reached * piety under Nemelex Xobeh
  1720 | D:3      | Received a gift from Nemelex Xobeh
  1875 | D:3      | Found Poocekh's One-of-a-Kind Rings.
  2425 | D:4      | Reached XP level 4. HP: 40/40 MP: 3/3
  2467 | D:4      | Reached skill level 4 in Long Blades
  2536 | D:4      | Found a runed translucent gate.
  2537 | D:4      | Found a runed translucent gate.
  2538 | D:4      | Found a runed translucent gate.
  2540 | D:4      | Noticed Chish's ghost (amateur HuFi)
  2589 | D:4      | Reached XP level 5. HP: 19/47 MP: 4/4
  2884 | D:4      | Found a basalt altar of Yredelemnul.
  2968 | D:4      | Found a hide-covered altar of Uskayaw.
  3107 | D:4      | Reached ** piety under Nemelex Xobeh
  3265 | D:5      | Entered Level 5 of the Dungeon
  3296 | D:5      | Found Ytoulase's Magic Scroll Shoppe.
  3304 | D:5      | Bought a scroll of brand weapon for 123 gold pieces
  3304 | D:5      | Bought a scroll of teleportation for 39 gold pieces
  3304 | D:5      | Bought a scroll of identify for 26 gold pieces
  3325 | D:5      | Noticed an ogre
  3334 | D:5      | Killed an ogre
  3416 | D:5      | Reached skill level 5 in Long Blades
  3474 | D:5      | Reached XP level 6. HP: 46/55 MP: 5/5
  3549 | D:5      | Reached skill level 5 in Fighting
  3549 | D:5      | Reached skill level 5 in Armour
  3549 | D:5      | Reached skill level 5 in Shields
  3650 | D:5      | Received a gift from Nemelex Xobeh
  3676 | D:5      | Found a sacrificial altar of Ru.
  3698 | D:5      | Found a glowing silver altar of Zin.
  4186 | D:6      | Reached skill level 6 in Long Blades
  4186 | D:6      | Reached XP level 7. HP: 57/61 MP: 6/6
  4552 | D:6      | Noticed Pikel
  4571 | D:6      | Killed Pikel
  4572 | D:6      | Reached skill level 7 in Long Blades
  4572 | D:6      | Reached XP level 8. HP: 70/71 MP: 7/7
  4775 | D:6      | Received a gift from Nemelex Xobeh
  4831 | D:6      | Reached skill level 8 in Long Blades
  5110 | D:6      | Noticed Edmund
  5120 | D:6      | Killed Edmund
  5604 | D:6      | Found the +5 Force Lance {heavy, knockback}
  5738 | D:7      | Reached *** piety under Nemelex Xobeh
  5786 | D:7      | Reached skill level 9 in Long Blades
  5946 | D:7      | Found a staircase to the Ecumenical Temple.
  6105 | D:7      | Noticed Prince Ribbit
  6112 | D:7      | Killed Prince Ribbit
  6113 | D:7      | Reached XP level 9. HP: 39/79 MP: 8/8
  6311 | D:7      | Noticed Jeremiah
  6312 | D:7      | Jeremiah changed into Jeremiah the tengu
  6312 | D:7      | Noticed Jeremiah
  6329 | D:7      | Killed Jeremiah the tengu
  6497 | D:8      | Noticed a red devil
  6498 | D:8      | Noticed a red devil
  6500 | D:8      | Noticed a red devil
  6505 | D:8      | Killed a red devil
  6506 | D:8      | Reached skill level 10 in Long Blades
  6509 | D:8      | Killed a red devil
  6518 | D:8      | Killed a red devil
  6527 | D:8      | HP: 1/81 [barbs]
  6871 | D:8      | Received a gift from Nemelex Xobeh
  6879 | D:8      | Noticed Maurice
  6891 | D:8      | Reached skill level 11 in Long Blades
  6898 | D:8      | Something stole a ring of fire
  6904 | D:8      | Something stole 4 boomerangs
  6906 | D:8      | Killed Maurice
  6907 | D:8      | Reached XP level 10. HP: 42/90 MP: 6/9
  7069 | D:8      | Found a radiant altar of Vehumet.
  7243 | D:8      | Reached **** piety under Nemelex Xobeh
  7260 | D:8      | Found the +7 Throatcutter {drain, coup de grace}
  7348 | D:8      | Found an iron altar of Okawaru.
  7790 | D:9      | Identified the +0 spear of Honour {flame, Dex+3}
  7838 | D:9      | Found a staircase to the Lair.
  7869 | D:9      | Reached skill level 1 in Invocations
  7876 | D:9      | Found a burning altar of Makhleb.
  7900 | D:9      | Reached skill level 1 in Evocations
  8017 | D:9      | Reached skill level 12 in Long Blades
  8332 | D:9      | Found an opulent altar of Gozag.
  8424 | D:9      | Found a bloodstained altar of Trog.
  8435 | D:9      | Found a shimmering blue altar of Sif Muna.
  8870 | D:10     | Entered Level 10 of the Dungeon
  8908 | D:10     | Found a staircase to the Orcish Mines.
  9007 | D:10     | Noticed a gargoyle
  9013 | D:10     | Killed a gargoyle
  9117 | D:10     | Noticed Urug
  9127 | D:10     | Killed Urug
  9128 | D:10     | Reached skill level 10 in Fighting
  9242 | D:10     | Found a runed translucent gate.
  9242 | D:10     | Found a runed translucent gate.
  9245 | D:10     | Found an opulent altar of Gozag.
  9245 | D:10     | Found a runed translucent gate.
  9245 | D:10     | Noticed a manticore
  9246 | D:10     | Noticed a flayed ghost
  9247 | D:10     | Found Roecateh's Assorted Antiques.
  9247 | D:10     | Noticed bjtr's ghost (novice VSFE)
  9391 | D:10     | Received a gift from Nemelex Xobeh
  9427 | D:10     | Noticed Fannar
  9444 | D:10     | Killed Fannar
  9445 | D:10     | Reached XP level 11. HP: 101/101 MP: 12/12
  9612 | D:10     | Noticed a two-headed ogre
  9618 | D:10     | Killed a two-headed ogre
 10154 | D:4      | Killed Chish's ghost
 10155 | D:4      | Reached skill level 13 in Long Blades
 10271 | Lair:1   | Entered Level 1 of the Lair of Beasts
 10284 | Lair:1   | Reached skill level 10 in Armour
 10537 | Lair:1   | Noticed a death yak
 10553 | Lair:1   | Killed a death yak
 10961 | Lair:1   | Reached ***** piety under Nemelex Xobeh
 10961 | Lair:1   | Received a gift from Nemelex Xobeh
 11373 | Lair:2   | Reached skill level 14 in Long Blades
 11439 | Lair:2   | Received a gift from Nemelex Xobeh
 11612 | Lair:2   | Reached XP level 12. HP: 109/112 MP: 14/14
 11671 | Lair:2   | Reached skill level 5 in Invocations
 11973 | Lair:2   | Noticed Harold
 11977 | Lair:2   | Killed Harold
 12754 | Lair:3   | Found a staircase to the Snake Pit.
 12889 | Lair:3   | Received a gift from Nemelex Xobeh
 13035 | Lair:3   | Noticed Gastronok
 13049 | Lair:3   | Killed Gastronok
 13130 | Lair:3   | Found a staircase to the Swamp.
 13204 | Lair:3   | Reached skill level 5 in Evocations
 13340 | Lair:3   | Received a gift from Nemelex Xobeh
 13836 | Lair:4   | Received a gift from Nemelex Xobeh
 13870 | Lair:4   | Reached skill level 15 in Long Blades
 13880 | Lair:4   | Noticed a four-headed hydra
 13891 | Lair:4   | Killed a nine-headed hydra
 13919 | Lair:4   | Noticed a boulder beetle
 13942 | Lair:4   | Killed a boulder beetle
 14145 | Lair:4   | Identified the +0 scale mail of Vanity {rPois rC+ Regen+}
 14443 | Lair:4   | Reached ****** piety under Nemelex Xobeh
 14541 | Lair:4   | Found a staircase to the Slime Pits.
 14846 | D:10     | Reached XP level 13. HP: 108/123 MP: 16/16
 14846 | D:10     | Killed bjtr's ghost
 15446 | Lair:5   | Entered Level 5 of the Lair of Beasts
 15446 | Lair:5   | Received a gift from Nemelex Xobeh
 15508 | Lair:5   | HP: 5/124 [komodo dragon (4)]
 15512 | Lair:5   | Killed from afar by a rime drake

Illustrated notes

Levels and vault maps discovered:
D:1:      minmay_arrival_stone_box, layout_loops_ring
D:2:      layout_basic, dreamdust_ecumenical_altar_hidden_monk_grotto
D:3:      layout_loops_ring, nicolae_shop_unique_rings, minmay_misc_feat_tiny,
          nicolae_elevator_lobby_plus
D:4:      layout_loops_cross, mainiacjoe_overflow_surrounded_room,
          yredelemnul_altar_generic, gammafunk_ghost_necromancy,
          dk_noncrumbling_4
D:5:      layout_basic, lemuel_tele_altar, lemuel_doored_altar, serial_shops,
          shop
D:6:      minmay_recursive_quarters, layout_loops_ring,
          nicolae_ossuary_entry_monument, uniq_pikel, uniq_edmund
D:7:      layout_rooms, minmay_temple_entry_hall, uniq_jeremiah,
          uniq_prince_ribbit1
D:8:      layout_loops_cross, vehumet_altar_wand_db, okawaru_humans,
          einodemon_armed_red_devil_minivault, uniq_maurice
D:9:      layout_rooms, led_sif_book, grunt_gozag_statues, demons_altar,
          kennysheep_mini_moat
D:10:     layout_basic, orc_0_dummy, ebering_ghost_gozag, uniq_urug, uniq_fannar
Lair:1:   layout_long_grid, fungi_pond_lemuel, st_stairs_4
Lair:2:   layout_small_grid, nicolae_volcano_entry_vermiform, uniq_harold
Lair:3:   layout_cave_pods, minmay_swamp_entry_swarm,
          guppyfry_snake_entry_garden, uniq_gastronok
Lair:4:   layout_misc_corridors, dpeg_slime_entry_enclosed
Lair:5:   evil_forest, layout_misc_corridors, serial_bayou_lagoon_b

Skill      XL: |  1  2  3  4  5  6  7  8  9 10 11 12 13 |
---------------+----------------------------------------+-----
Long Blades    | 3 4 5 6 7 9 11 12 14 15 | 15.7
Shields        | 4 5 6 7 8 |  8.3
Fighting       | 4 5 6 7 8 10 12 13 14 | 14.0
Armour         | 4 5 6 7 8 9 10 11 12 | 12.0
Invocations    | 2 4 6 |  6.7
Evocations     | 2 4 5 |  5.8

Action                     |  1- 3 |  4- 6 |  7- 9 | 10-12 | 13-15 || total
---------------------------+-------+-------+-------+-------+-------++-------
  Melee: Long sword        |   104 |   105 |   143 |   487 |    37 ||   876
         Headbutt          |    11 |    24 |    33 |    97 |     7 ||   172
         Great sword       |       |       |    25 |     4 |       ||    29
 Invoke: Draw Destruction  |       |     2 |    10 |    17 |     8 ||    37
         Draw Summoning    |       |       |     2 |       |     2 ||     4
         Draw Escape       |       |       |       |       |     1 ||     1
  Evoke: Wand              |       |       |    10 |     8 |       ||    18
    Use: Potion            |       |     1 |     4 |     1 |       ||     6
         Scroll            |       |       |     6 |     6 |     1 ||    13
 Armour: Scale mail        |    75 |    25 |       |       |       ||   100
         Chain mail        |       |    57 |   147 |   353 |    49 ||   606
  Dodge: Dodged            |    52 |    23 |    66 |   133 |    11 ||   285
  Block: Buckler           |    23 |    22 |    49 |    50 |       ||   144
         Reflection        |       |       |       |     2 |       ||     2
         Kite shield       |       |       |       |   316 |    48 ||   364

Table legend: (Time is in decaauts)
 A = Elapsed time spent in this place.
 B = Non-inter-level travel time spent in this place.
 C = Inter-level travel time spent in this place.
 D = Time resting spent in this place.
 E = Time spent auto-exploring this place.
 F = Levels seen in this place.
 G = Mean time per level.
                   A        B        C        D        E       F      G
               +--------+--------+--------+--------+--------+-----+--------+
         Total |  15478 |  13833 |   1645 |    923 |  10526 |  15 | 1031.9 |
       Dungeon |  10907 |   9657 |   1250 |    758 |   7107 |  10 | 1090.7 |
          Lair |   4571 |   4177 |    394 |    165 |   3419 |   5 |  914.2 |
               +--------+--------+--------+--------+--------+-----+--------+

Top non-repeatable levels by time:
     D:6: 1659 daAuts
    D:10: 1456 daAuts
     D:9: 1408 daAuts
     D:8: 1404 daAuts
  Lair:2: 1295 daAuts
  Lair:3: 1253 daAuts
  Lair:1: 1090 daAuts
     D:2: 1027 daAuts
     D:5: 936 daAuts
     D:4: 925 daAuts
  Lair:4: 871 daAuts
     D:3: 727 daAuts
     D:1: 692 daAuts
     D:7: 669 daAuts
  Lair:5: 60 daAuts
